 Dungeon Crawl Stone Soup version 0.30.0-18-gc0e69614cb (webtiles) character file.

Game seed: 2471181213726882256

23825 AiryTheDragon the Party-goer (level 12, -4/83 HPs)
             Began as a Demonspawn Gladiator on May 23, 2023.
             Was a Follower of Uskayaw.
             Killed by divine providence
             ... invoked by a meliai
              (13 damage)
             ... on level 13 of the Dungeon on May 24, 2023.
             The game lasted 03:08:07 (12579 turns).

AiryTheDragon the Party-goer (DsGl)                Turns: 12579, Time: 03:08:08

Health: -4/83      AC: 17    Str: 18    XL:     12   Next: 75%
Magic:  0/21       EV: 19    Int: 14    God:    Uskayaw [*.....]
Gold:   17         SH: 19    Dex: 20    Spells: 6/23 levels left

rFire   + + .        g - +7 dagger "Uciov" {speed, rC+ rN+ Will+ Str+2}
rCold   + . .        U - +2 buckler
rNeg    + + .        S - +4 acid dragon scales
rPois   .            h - +0 helmet of the Grape {+Inv rF++ rN+ Stlth-}
rElec   +            C - +0 cloak
rCorr   +            T - +3 pair of gloves "Nufocura" {rElec}
SInv    .            (no boots)
Will    +....        B - amulet of reflection
Stlth   ++           w - +5 ring of evasion
HPRegen 0.33/turn    q - +6 ring of dexterity
MPRegen 0.34/turn

%: reflection, guardian spirit
@: freezing walls
A: hooves 2, large bone plates 2, magic shield, magic regeneration
a: Renounce Religion, Evoke Invisibility, Stomp


You were on level 13 of the Dungeon.
You worshipped Uskayaw.
Uskayaw was aware of your devotion.
You visited 2 branches of the dungeon, and saw 14 of its levels.
You visited 1 bazaar.

You collected 1229 gold pieces.
You spent 1212 gold pieces at shops.

Inventory:

Hand Weapons
 c - a +2 dagger of distortion
 g - the +7 dagger "Uciov" (weapon) {speed, rC+ rN+ Will+ Str+2}
   (You found it on level 5 of the Dungeon)

   Str:       It affects your strength (+2).
   rC:        It protects you from cold.
   rN:        It protects you from negative energy.
   Will:      It increases your willpower.
 N - a +3 dagger of draining
 V - a +2 hand axe of venom
Missiles
 d - 2 throwing nets (quivered)
 m - a curare-tipped dart
 p - 5 datura-tipped darts
 x - 8 boomerangs
 D - 2 javelins
 E - 19 poisoned darts
Armour
 h - the +0 helmet of the Grape (worn) {+Inv rF++ rN+ Stlth-}
   (You found it on level 11 of the Dungeon)

   rF:        It greatly protects you from fire.
   rN:        It protects you from negative energy.
   +Inv:      It lets you turn invisible.
   Stlth:     It makes you less stealthy.
 r - a +0 troll leather armour
 C - a +0 cloak (worn)
 K - +0 steam dragon scales
 S - +4 acid dragon scales (worn)
 T - the +3 pair of gloves "Nufocura" (worn) {rElec}
   (You bought it in a shop in a bazaar)

   rElec:     It insulates you from electricity.
 U - a +2 buckler (worn)
Jewellery
 f - a ring of see invisible
 q - a +6 ring of dexterity (right hand)
 w - a +5 ring of evasion (left hand)
 y - a ring of resist corrosion
 B - an amulet of reflection (around neck)
 H - a ring of protection from fire
Wands
 b - a wand of iceblast (2)
 i - a wand of charming (7)
 Y - a wand of polymorph (2)
Scrolls
 e - a scroll of immolation {unknown}
 n - 7 scrolls of amnesia
 o - a scroll of poison
 u - a scroll of fog {unknown}
 A - 6 scrolls of teleportation
 I - 2 scrolls of magic mapping
 J - a scroll of enchant weapon {unknown}
 L - a scroll of torment {unknown}
 M - a scroll of butterflies
 P - a scroll of fear
 Z - a scroll of noise {unknown}
Potions
 a - a potion of berserk rage
 j - 3 potions of flight
 k - 4 potions of curing
 l - a potion of might
 s - a potion of ambrosia
 t - 2 potions of magic
 v - 2 potions of haste
 F - a potion of cancellation {unknown}
 O - a potion of invisibility {unknown}
 R - a potion of degeneration {unknown}
 W - a potion of heal wounds {unknown}


   Skills:
 + Level 4.1 Fighting
 + Level 7.0 Short Blades
 + Level 1.4 Axes
 + Level 3.6 Throwing
 * Level 3.1 Armour
 + Level 5.5 Dodging
 + Level 6.2 Stealth
 + Level 5.5 Shields
 * Level 6.4 Spellcasting
 * Level 0.9 Conjurations
 + Level 3.2 Hexes
 + Level 4.0 Necromancy
 * Level 6.4 Translocations
 * Level 5.6 Ice Magic
 + Level 10.7 Invocations
 * Level 6.0 Evocations


You had 6 spell levels left.
You knew the following spells:

 Your Spells              Type           Power      Damage    Failure   Level
a - Slow                  Hex            52%        N/A       6%          1
b - Vampiric Draining     Necr           15%        2d7       14%         3
c - Gell's Gravitas       Tloc           22%        N/A       5%          3
d - Teleport Other        Tloc           22%        N/A       5%          3
e - Freeze                Ice            80%        1d9       2%          1
f - Frozen Ramparts       Ice            40%        1d7       8%          3
g - Hailstorm             Conj/Ice       13%        3d5       19%         3

Your spell library contained the following spells:

 Spells                   Type           Power      Damage    Failure   Level
 Blink                    Tloc           44%        N/A       2%          2
 Lesser Beckoning         Tloc           44%        N/A       2%          2
 Momentum Strike          Conj/Tloc      28%        3d8       9%          2
 Passage of Golubria      Tloc           22%        N/A       17%         4
 Confusing Touch          Hex            13%        N/A       19%         3
 Tukima's Dance           Hex            13%        N/A       19%         3
 Static Discharge         Conj/Air       10%        2-3/arc   30%         2
 Animate Dead             Necr           15%        N/A       41%         4
 Ice Form                 Ice/Tmut       12%        N/A       58%         4
 Airstrike                Air            2%         2d(1-17)  94%         4
 Summon Lightning Spire   Summ/Air       4%         N/A       94%         4
 Dispersal                Tloc           11%        N/A       95%         6
 Borgnjor's Vile Clutch   Necr/Erth      5%         N/A       96%         5
 Yara's Violent Unravell  Hex/Tmut       4%         3d4       98%         5
 Simulacrum               Ice/Necr       9%         N/A       99%         6
 Death Channel            Necr           7%         N/A       100%        6


Dungeon Overview and Level Annotations

Branches:
Dungeon (13/15)            Temple (1/1) D:4            Lair (0/5) D:11
    Orc (0/2) D:10
 Vaults: D:13-14

Altars:
Ashenzari
Cheibriados
Dithmenos
Fedhas
Gozag
Hepliaklqana
Kikubaaqudgha
Makhleb
Nemelex Xobeh
Okawaru
Qazlal
Ru
Sif Muna
Trog
Uskayaw
Vehumet
Wu Jian
Xom
Yredelemnul

Annotations:
D:12 2 transporters


Innate Abilities, Weirdness & Mutations

You have hoof-like feet.
You are mostly covered in large bone plates. (SH +6)
When hurt, damage is shared between your health and your magic reserves.
You regenerate magic rapidly.


Message History

The meliai hits you with a +4 war axe of electrocution!
The meliai stings you but does no damage.
The meliai completely misses you. The meliai barely misses you.
The wall freezes the meliai but does no damage.
The meliai calls down the wrath of its god upon you.
Something smites you!
* * * LOW HITPOINT WARNING * * *
The meliai hits you with a +4 war axe of electrocution!
* * * LOW HITPOINT WARNING * * *
The meliai barely misses you.
You can now stomp with the beat.
Okay, then.
Okay, then.
Okay, then.
As you read the scroll of fear, it crumbles to dust.
You assume a fearsome visage.
The meliai looks frightened! x3
The wall freezes the meliai.
Your attack snaps the meliai out of its fear.
The meliai calls upon its god to heal the meliai.
The meliai is healed somewhat.
The meliai calls upon its god to heal the meliai.
The meliai is healed somewhat.
The wall freezes the meliai.
You block the meliai's attack.
The meliai stings you but does no damage.
You feel better.
The wall freezes the meliai.
The meliai calls down the wrath of its god upon you.
Something smites you!
* * * LOW HITPOINT WARNING * * *
The wall freezes the meliai but does no damage.
You block the meliai's attack. x2
Unknown command.
Throw: 3 throwing nets
Press: ? - help, Shift-Dir - straight line, f - meliai
Aim: a meliai, wielding a +0 hand axe and wearing a +0 leather armour (heavily wounded, 53% to hit)
You throw a throwing net.
The throwing net closely misses the meliai.
The wall freezes the meliai.
You block the meliai's attack. x2
The meliai mumbles some strange prayers to its god against you.
Something smites you!
You die...

######################
.y....................
#......y....#....#....
#...........#.......##
>......<..............
#####
.........#####...>.###
....# (.....y@.#
#.....# ....#
...####### #...#.#
§...+ #...#.# ....#
##+###...#.+ .z..#
#........#.# ....#
#..........# .z..#
#..........#### ....#
+....†#'####..# ....#
#.....#.......#


You could see 3 meliai.

Vanquished Creatures
  Erolcha (D:11)
  5 two-headed ogres
  Erica (D:10)
  6 boulder beetles
  A deep elf knight (D:10)
  Sonja (D:11)
  An orc knight (D:10)
  3 cyclopes
  3 manticores
  Joseph (D:10)
  The ghost of whybug the Covered, a novice FoFi (D:4)
  An unseen horror (D:12)
  A komodo dragon (D:12)
  A kobold demonologist (D:9)
  3 trolls
  The ghost of GloriousHammer the Conjurer, a novice TeFE of Vehumet (D:5)
  A shadow (D:12)
  2 slime creatures (D:12)
  3 wraiths
  28 yaks
  4 wyverns
  2 steam dragons
  3 water moccasins (D:11)
  2 acid dragons
  6 orc warriors
  An ice beast (D:5)
  An ogre (D:6)
  3 black bears
  3 wolves (D:11)
  2 centaurs
  3 kobold brigands
  A bullfrog (D:9)
  2 gnoll sergeants (D:12)
  3 scorpions
  A wight (D:6)
  11 killer bees
  An electric eel (D:6)
  6 howler monkeys
  3 jellies
  9 orc priests
  A sleepcap (D:5)
  A gnoll bouda (D:8)
  Natasha (twice) (D:4)
  9 orc wizards
  20 gnolls
  4 adders
  A shadow imp (D:5)
  2 white imps
  2 worms
  3 dart slugs
  60 orcs
  4 endoplasms
  4 giant cockroaches
  3 goblins
  6 hobgoblins
  4 jackals (D:2)
  2 quokkas
  6 ball pythons
  6 bats
  4 frilled lizards
  34 kobolds
  9 rats
319 creatures vanquished.

Notes
Turn   | Place    | Note
-------+----------+-------------------------------------------
     0 | D:1      | AiryTheDragon the Demonspawn Gladiator began the quest for
                  | the Orb.
     0 | D:1      | Reached XP level 1. HP: 16/16 MP: 1/1
   292 | D:1      | Gained mutation: You are partially covered in large bone
                  | plates. (SH +4) [demonic ancestry]
   292 | D:1      | Reached XP level 2. HP: 20/22 MP: 2/2
   600 | D:1      | Learned a level 1 spell: Slow
   844 | D:2      | Reached XP level 3. HP: 18/27 MP: 3/3
  1094 | D:2      | Found a faded altar of an unknown god.
  1195 | D:2      | Prayed at the altar of an unknown god.
  1195 | D:2      | Became a worshipper of Uskayaw the Reveller
  1195 | D:2      | Reached * piety under Uskayaw
  1803 | D:3      | Reached ** piety under Uskayaw
  1807 | D:3      | Reached XP level 4. HP: 32/34 MP: 5/5
  1811 | D:3      | Reached *** piety under Uskayaw
  1854 | D:3      | Learned a level 3 spell: Vampiric Draining
  1997 | D:3      | Reached skill level 1 in Spellcasting
  2575 | D:4      | Noticed a scorpion
  2589 | D:4      | Reached skill level 1 in Necromancy
  2603 | D:4      | Killed a scorpion
  2604 | D:4      | Reached skill level 1 in Shields
  2604 | D:4      | Gained mutation: You regenerate magic rapidly. [demonic
                  | ancestry]
  2604 | D:4      | Reached XP level 5. HP: 21/39 MP: 7/7
  2732 | D:4      | Found a runed translucent door.
  2737 | D:4      | Noticed whybug's ghost (novice FoFi)
  2739 | D:4      | Gained mutation: You have sharp toenails. [potion of
                  | mutation]
  2739 | D:4      | Gained mutation: Your muscles are strong. (Str +4, Int/Dex
                  | -1) [potion of mutation]
  2739 | D:4      | Gained mutation: You occasionally lose the ability to drink
                  | potions when taking damage. [potion of mutation]
  2739 | D:4      | Gained mutation: Your skin changes colour to match your
                  | surroundings (Stealth+). [potion of mutation]
  2759 | D:4      | Lost mutation: Your skin changes colour to match your
                  | surroundings (Stealth+). [potion of mutation]
  2759 | D:4      | Lost mutation: Your muscles are strong. (Str +4, Int/Dex
                  | -1) [potion of mutation]
  2759 | D:4      | Gained mutation: You are occasionally teleported next to
                  | monsters. [potion of mutation]
  2759 | D:4      | Gained mutation: You sometimes lose the ability to drink
                  | potions when taking damage. [potion of mutation]
  2759 | D:4      | Gained mutation: You have a pair of small horns on your
                  | head. [potion of mutation]
  2760 | D:4      | Lost mutation: You have a pair of small horns on your head.
                  | [potion of mutation]
  2760 | D:4      | Lost mutation: You sometimes lose the ability to drink
                  | potions when taking damage. [potion of mutation]
  2760 | D:4      | Gained mutation: You are dopey. (Int -2) [potion of
                  | mutation]
  2760 | D:4      | Gained mutation: You are agile. (Dex +4, Str/Int -1)
                  | [potion of mutation]
  2798 | D:4      | Found a staircase to the Ecumenical Temple.
  2820 | Temple   | Entered the Ecumenical Temple
  3174 | D:5      | Entered Level 5 of the Dungeon
  3176 | D:5      | Noticed an ice beast
  3179 | D:5      | Identified the +7 dagger "Uciov" {speed, rC+ rN+ Will+
                  | Str+2}
  3184 | D:5      | Reached skill level 1 in Armour
  3184 | D:5      | Reached skill level 1 in Invocations
  3193 | D:5      | Killed an ice beast
  3194 | D:5      | Gained mutation: You are mostly covered in large bone
                  | plates. (SH +6) [demonic ancestry]
  3194 | D:5      | Reached XP level 6. HP: 26/46 MP: 4/8
  3198 | D:5      | Found a runed translucent door.
  3204 | D:5      | Reached **** piety under Uskayaw
  3281 | D:5      | Noticed GloriousHammer's ghost (novice TeFE)
  3387 | D:5      | Learned a level 3 spell: Gell's Gravitas
  3455 | D:5      | Reached skill level 1 in Axes
  3455 | D:5      | Reached skill level 1 in Stealth
  3763 | D:6      | Reached skill level 1 in Hexes
  3780 | D:6      | Reached skill level 2 in Invocations
  3780 | D:6      | Reached XP level 7. HP: 51/51 MP: 5/10
  3806 | D:6      | Lost mutation: You have sharp toenails. [potion of
                  | mutation]
  3806 | D:6      | Lost mutation: You occasionally lose the ability to drink
                  | potions when taking damage. [potion of mutation]
  3806 | D:6      | Gained mutation: You possess an exceptional clarity of
                  | mind. [potion of mutation]
  3806 | D:6      | Gained mutation: You are resistant to electric shocks.
                  | (rElec) [potion of mutation]
  3806 | D:6      | Gained mutation: You are very agile. (Dex +8, Str/Int -2)
                  | [potion of mutation]
  3807 | D:6      | Lost mutation: You are occasionally teleported next to
                  | monsters. [potion of mutation]
  3807 | D:6      | Lost mutation: You possess an exceptional clarity of mind.
                  | [potion of mutation]
  3807 | D:6      | Lost mutation: You are resistant to electric shocks.
                  | (rElec) [potion of mutation]
  3807 | D:6      | Gained mutation: You occasionally lose the ability to drink
                  | potions when taking damage. [potion of mutation]
  3807 | D:6      | Lost mutation: You are dopey. (Int -2) [potion of mutation]
  3872 | D:6      | Reached skill level 1 in Translocations
  3935 | D:6      | Learned a level 3 spell: Teleport Other
  4351 | D:6      | Noticed a steam dragon
  4422 | D:4      | Noticed Natasha
  4576 | D:4      | Killed Natasha
  4594 | D:4      | Killed whybug's ghost
  4595 | D:4      | Reached skill level 3 in Invocations
  4595 | D:4      | Gained mutation: You have large cloven feet. [demonic
                  | ancestry]
  4595 | D:4      | Reached XP level 8. HP: 24/57 MP: 2/11
  4759 | D:4      | Learned a level 1 spell: Freeze
  4856 | D:4      | Noticed Natasha
  4865 | D:4      | Killed Natasha
  4928 | D:5      | Killed GloriousHammer's ghost
  5045 | D:6      | Found a sacrificial altar of Ru.
  5231 | D:6      | Reached skill level 4 in Invocations
  5512 | D:7      | Reached skill level 5 in Short Blades
  5793 | D:7      | Found a stormy altar of Qazlal.
  5975 | D:7      | Gained mutation: When hurt, damage is shared between your
                  | health and your magic reserves. [demonic ancestry]
  5975 | D:7      | Reached XP level 9. HP: 64/64 MP: 13/13
  6375 | D:8      | Reached skill level 1 in Evocations
  6683 | D:8      | Reached skill level 1 in Ice Magic
  6725 | D:8      | Reached skill level 5 in Invocations
  7336 | D:9      | Found a broken altar of Ashenzari.
  7337 | D:9      | Found a burning altar of Makhleb.
  7366 | D:9      | Found a snail-covered altar of Cheibriados.
  7400 | D:9      | Reached ***** piety under Uskayaw
  7417 | D:9      | Learned a level 3 spell: Frozen Ramparts
  7708 | D:9      | Gained mutation: You have hoof-like feet. [demonic
                  | ancestry]
  7708 | D:9      | Reached XP level 10. HP: 51/70 MP: 8/16
  7853 | D:9      | Lost mutation: You are very agile. (Dex +8, Str/Int -2)
                  | [potion of mutation]
  7853 | D:9      | Lost mutation: You occasionally lose the ability to drink
                  | potions when taking damage. [potion of mutation]
  7853 | D:9      | Lost mutation: You are agile. (Dex +4, Str/Int -1) [potion
                  | of mutation]
  7899 | D:9      | Noticed an orange demon
  7918 | D:9      | Reached skill level 6 in Invocations
  8252 | D:9      | Noticed a two-headed ogre
  8262 | D:9      | Killed a two-headed ogre
  8458 | D:10     | Entered Level 10 of the Dungeon
  8547 | D:10     | Reached skill level 7 in Invocations
  8550 | D:10     | Found a staircase to the Orcish Mines.
  8838 | D:10     | Noticed a two-headed ogre
  8852 | D:10     | Killed a two-headed ogre
  8853 | D:10     | Reached skill level 8 in Invocations
  8943 | D:10     | Reached skill level 5 in Dodging
  8944 | D:10     | Reached XP level 11. HP: 76/76 MP: 14/18
  9040 | D:10     | Noticed a +7 great sword
  9040 | D:10     | Noticed an orc knight
  9042 | D:10     | Noticed a deep elf knight
  9043 | D:10     | Noticed Erica
  9046 | D:10     | Noticed Joseph
  9053 | D:10     | Noticed a boulder beetle
  9058 | D:10     | Killed an orc knight
  9059 | D:10     | Killed Erica
  9065 | D:10     | Killed a deep elf knight
  9066 | D:10     | Reached skill level 5 in Stealth
  9066 | D:10     | Reached skill level 5 in Spellcasting
  9075 | D:10     | Killed Joseph
  9077 | D:10     | Reached skill level 5 in Translocations
  9093 | D:10     | Reached skill level 9 in Invocations
  9097 | D:10     | Reached ****** piety under Uskayaw
  9104 | D:10     | Killed a boulder beetle
  9240 | D:10     | Learned a level 3 spell: Hailstorm
  9597 | D:11     | Noticed a boulder beetle
  9604 | D:11     | Identified the +0 helmet of the Grape {+Inv rF++ rN+
                  | Stlth-}
  9640 | D:11     | Killed a boulder beetle
  9791 | D:11     | Noticed Sonja
  9830 | D:11     | Killed Sonja
  9900 | D:11     | Found a basalt altar of Yredelemnul.
  9937 | D:11     | Noticed a two-headed ogre
  9980 | D:11     | Killed a two-headed ogre
  9981 | D:11     | Reached skill level 5 in Evocations
 10051 | D:11     | Found a staircase to the Lair.
 10193 | D:11     | Noticed Erolcha
 10201 | D:11     | Noticed a two-headed ogre
 10202 | D:11     | Killed Erolcha
 10203 | D:11     | Reached XP level 12. HP: 79/83 MP: 17/20
 10217 | D:11     | Killed a two-headed ogre
 10218 | D:11     | Reached skill level 5 in Shields
 10218 | D:11     | Reached skill level 10 in Invocations
 10721 | D:12     | Noticed a boulder beetle
 10969 | D:11     | Killed a boulder beetle
 10970 | D:11     | Reached skill level 5 in Ice Magic
 11141 | D:12     | Found a transporter.
 11303 | D:12     | Noticed a boulder beetle
 11326 | D:12     | Killed a boulder beetle
 11753 | D:12     | Found a transporter.
 11998 | D:13     | Noticed a boulder beetle
 12007 | D:13     | Noticed a centaur warrior
 12067 | D:13     | Killed a boulder beetle
 12143 | D:13     | Found a flickering gateway to a bazaar.
 12146 | D:13     | Noticed a two-headed ogre
 12159 | D:13     | Killed a two-headed ogre
 12161 | Bazaar   | Entered a bazaar
 12161 | Bazaar   | Found Duzaerru's Antique Weapon Shop.
 12161 | Bazaar   | Found Elestokkox's Magic Scroll Shoppe.
 12163 | Bazaar   | Found Elestokkox's Book Boutique.
 12163 | Bazaar   | Found Cimi's Armour Shoppe.
 12230 | Bazaar   | Bought a scroll of identify for 26 gold pieces
 12230 | Bazaar   | Bought a scroll of enchant armour for 97 gold pieces
 12230 | Bazaar   | Bought a scroll of butterflies for 52 gold pieces
 12230 | Bazaar   | Bought a scroll of enchant armour for 97 gold pieces
 12230 | Bazaar   | Bought a scroll of blinking for 97 gold pieces
 12230 | Bazaar   | Bought a scroll of identify for 26 gold pieces
 12230 | Bazaar   | Bought a scroll of teleportation for 39 gold pieces
 12230 | Bazaar   | Bought a scroll of identify for 26 gold pieces
 12238 | Bazaar   | Bought the +3 pair of gloves "Nufocura" {rElec} for 368
                  | gold pieces
 12253 | Bazaar   | Bought a book of Spatial Translocations for 144 gold pieces
 12253 | Bazaar   | Bought Great Wizards, Vol. VII for 240 gold pieces
 12488 | D:13     | Noticed a boulder beetle
 12527 | D:13     | Killed a boulder beetle
 12579 | D:13     | Killed from afar by a meliai

Illustrated notes

Levels and vault maps discovered:
D:1:      mainiacjoe_arrival_reflecting_pool, layout_loops_ring,
          lexackson_kobold_supper
D:2:      layout_loops_corners, nicolae_ecumenical_oubliette
D:3:      layout_rooms, nicolae_concentric_dashed_squares_mild,
          kennysheep_flooded_box
D:4:      layout_basic, nicolae_overflow_crystal_walls,
          minmay_temple_entry_mini_moons, ebering_ghost_reflecting_pool,
          uniq_natasha
D:5:      layout_cave_pools, hellmonk_ghost_happy_afterlife,
          serial_bayou_pond_b, minmay_misc_feat_columns
D:6:      layout_cave_pools, kennysheep_mini_moat, serial_bayou_pond_b,
          minmay_gold_behind_fungi, chequers_serial_rivers_large_a,
          kennysheep_cross_room, grunt_decor_junction, kennysheep_generic_room_9
D:7:      layout_layer_cave, nicolae_qazlal_scattered_showers
D:8:      layout_loops_corners
D:9:      layout_small_grid, chequers_temple_overflow_statue_of_worship,
          evilmike_butchery
D:10:     layout_irregular_city, hiddenorc2_lemuel, hangedman_decor_peaks_small,
          sword_in_stone
D:11:     layout_loops_ring, minmay_lair_entry_grove, yredelemnul_altar_generic,
          uniq_sonja, uniq_erolcha
D:12:     gammafunk_the_bubble [the_bubble_gammafunk_plus_minus],
          layout_irregular_city, nzn_sisyphean_effort
D:13:     layout_stronghold, grunt_vaults_entry_fortified, serial_shops,
          bzr_entry_lakeside, enter_trove_5, nicolae_fountain_basement,
          uniq_frances
Temple:   compressed_dpeg_triangle_lava_temple

Skill      XL: |  1  2  3  4  5  6  7  8  9 10 11 12 |
---------------+-------------------------------------+-----
Short Blades   | 3 4 5 6 7 |  7.0
Dodging        | 3 5 |  5.5
Throwing       | 2 3 |  3.6
Spellcasting   | 1 2 3 4 5 6 |  6.4
Necromancy     | 1 2 3 4 |  4.0
Shields        | 1 2 3 4 5 |  5.5
Armour         | 1 2 3 |  3.1
Invocations    | 1 2 3 4 5 8 9 10 | 10.7
Axes           | 1 |  1.4
Stealth        | 1 2 3 4 5 6 |  6.2
Hexes          | 1 2 3 |  3.2
Translocations | 1 2 3 4 5 6 |  6.4
Fighting       | 3 4 |  4.1
Evocations     | 2 4 5 6 |  6.0
Ice Magic      | 2 3 4 5 |  5.6
Conjurations   | |  0.9

Action                     |  1- 3 |  4- 6 |  7- 9 | 10-12 || total
---------------------------+-------+-------+-------+-------++-------
  Melee: Rapier            |   134 |    78 |       |       ||   212
         Punch             |     1 |       |       |       ||     1
         Dagger            |       |    46 |   307 |   633 ||   986
         Hand axe          |       |     9 |       |       ||     9
         Kick              |       |    15 |    72 |   261 ||   348
  Throw: Javelin           |     3 |       |    16 |    24 ||    43
         Boomerang         |       |     1 |     1 |     4 ||     6
         Dart              |       |       |       |    50 ||    50
         Throwing net      |       |       |       |     1 ||     1
   Cast: Slow              |     1 |     8 |     2 |     9 ||    20
         Gell's Gravitas   |       |       |     2 |       ||     2
         Teleport Other    |       |       |     1 |       ||     1
         Frozen Ramparts   |       |       |       |    20 ||    20
         Vampiric Draining |       |       |       |     1 ||     1
         Hailstorm         |       |       |       |     1 ||     1
 Invoke: Line Pass         |       |     4 |    13 |    19 ||    36
         Stomp             |       |     2 |     8 |    11 ||    21
         Grand Finale      |       |       |       |     4 ||     4
  Evoke: Wand              |       |     2 |       |     6 ||     8
    Use: Scroll            |       |     3 |     3 |    16 ||    22
         Potion            |       |     4 |     5 |     5 ||    14
   Stab: Sleeping          |     3 |     2 |     3 |     1 ||     9
         Paralysed         |       |     2 |    12 |    41 ||    55
         Confused          |       |       |     4 |    12 ||    16
 Armour: Leather armour    |    39 |    27 |     3 |       ||    69
         Ring mail         |       |       |     9 |       ||     9
         Steam dragon scal |       |       |    13 |    12 ||    25
         Acid dragon scale |       |       |       |    15 ||    15
  Dodge: Dodged            |    80 |    58 |    98 |   188 ||   424
  Block: Buckler           |    36 |    59 |   156 |   292 ||   543
         Other             |     3 |       |       |       ||     3
         Reflection        |       |       |       |     5 ||     5
